 Dungeon Crawl Stone Soup version 0.28.0-53-g5a82cb258f (webtiles) character file.

Game seed: 9162134356758707692

382 Peedeoo7 the Ruffian (level 6, 0/48 HPs)
             Began as a Draconian Transmuter on May 27, 2022.
             Was a Follower of Lugonu.
             Succumbed to a gnoll's poison
             ... on level 4 of the Dungeon on May 28, 2022.
             The game lasted 00:24:07 (1982 turns).

Peedeoo7 the Ruffian (Draconian Transmuter)         Turns: 1982, Time: 00:24:08

Health: 0/48       AC:  6    Str: 15    XL:     6   Next: 47%
Magic:  9/10       EV: 12    Int: 13    God:    Lugonu [*.....]
Gold:   129        SH:  0    Dex: 11    Spells: 8/11 levels left

rFire   + . .      SeeInvis .     - Unarmed
rCold   . . .      Faith    .   (no shield)
rNeg    . . .      Spirit   .   (armour unavailable)
rPois   +          Reflect  .   (helmet restricted)
rElec   .          Harm     .   (no cloak)
rCorr   .          Rampage  .   (no gloves)
Will    .....      Clarity  +   (no boots)
Stlth   ++........              (no amulet)
HPRegen 0.16/turn               a - ring of protection from fire
MPRegen 0.12/turn               (no ring)

@: lethally poisoned (0 -> -5), wereblooded
A: AC +6, unfitting armour, cold-blooded, clarity, poison resistance
a: Renounce Religion, Depart the Abyss


You were on level 4 of the Dungeon.
You worshipped Lugonu.
Lugonu was aware of your devotion.
You visited 2 branches of the dungeon, and saw 5 of its levels.

You collected 129 gold pieces.

Inventory:

Missiles
 b - 6 arrows
 f - 84 stones (quivered)
 m - 2 boomerangs
 q - 31 sling bullets
 r - 4 poisoned darts
Jewellery
 a - a ring of protection from fire (left hand)
Scrolls
 c - 2 scrolls of summoning
 d - a scroll of teleportation
 e - a scroll of brand weapon {unknown}
 h - a scroll of fear {unknown}
 i - a scroll of immolation
 l - a scroll of silence {unknown}
 p - a scroll of fog {unknown}
Potions
 g - 2 potions of mutation
 k - a potion of heal wounds {unknown}
 n - a potion of lignification {unknown}
 o - a potion of cancellation {unknown}


   Skills:
 * Level 2.0 Fighting
 + Level 2.4 Dodging
 + Level 1.5 Stealth
 + Level 5.0 Unarmed Combat
 + Level 3.1 Spellcasting
 + Level 3.2 Transmutations
 * Level 1.6 Invocations


You had 8 spell levels left.
You knew the following spells:

 Your Spells              Type           Power      Damage    Failure   Level
a - Beastly Appendage     Tmut           20%        N/A       6%          1
b - Wereblood             Tmut           10%        N/A       9%          2

Your spell library contained the following spells:

 Spells                   Type           Power      Damage    Failure   Level
 Spider Form              Tmut/Pois      6%         N/A       34%         3
 Ice Form                 Ice/Tmut       6%         N/A       75%         4


Dungeon Overview and Level Annotations

Branches:
Dungeon (4/15)             Temple (1/1) D:4

Altars:
Cheibriados
Dithmenos
Kikubaaqudgha
Okawaru
Ru
Zin
The Shining One
Lugonu


Innate Abilities, Weirdness & Mutations

Your plain brown scales are hard. (AC +6)
You cannot fit into any form of body armour.
You are cold-blooded and may be slowed by cold attacks.
You possess an exceptional clarity of mind.
Your system is resistant to poisons. (rPois)


Message History

The gnoll hits you with a +0 flail of venom.
* * * LOW HITPOINT WARNING * * *
You are lethally poisoned!
You feel better.
The gnoll hits you with a +0 flail of venom.
* * * LOW HITPOINT WARNING * * *
You are lethally poisoned!
You barely miss the gnoll. You tail-slap the gnoll.
You feel a bit better.
You kill the gnoll!
Lugonu accepts your kill.
* * * LOW HITPOINT WARNING * * *
You feel very sick.
A hound comes into view.
You barely miss the gnoll. You claw the gnoll.
The gnoll is heavily wounded.
* * * LOW HITPOINT WARNING * * *
You feel sick. The gnoll hits you with a +0 club.
* * * LOW HITPOINT WARNING * * *
You barely miss the gnoll. You claw the gnoll. You headbutt the gnoll.
Your tail-slap misses the gnoll.
The gnoll is almost dead.
Your horns disappear.
Your talons disappear.
* * * LOW HITPOINT WARNING * * *
You feel very sick. The gnoll barely misses you.
You barely miss the gnoll.
The gnoll is almost dead.
* * * LOW HITPOINT WARNING * * *
You feel sick.
You punch the gnoll!
You feel a bit better.
You kill the gnoll!
Lugonu accepts your kill.
* * * LOW HITPOINT WARNING * * *
You feel sick.
Your Fighting skill increases to level 2!
Your Unarmed Combat skill increases to level 5!
It was a potion of mutation.
You feel extremely strange.
Your thoughts seem clearer.
You feel resistant to poisons.
You howl as the wereblood boils in your veins!
You die...

#.# .....# #.# #.# #...#
#.# #.# #...# #.# #.#
#.gg#####.# #<#
#.g.......############
#.##...#g........).........
#.######.........†.....####
#......#.############.#####
#....#.#.h@.....# #.###..
####'##########># #...'..
#.....# #.# #####..
#.###.### #.# #.. +.#>#.'.#
#.########### #.#'#.#.#
#.^..........
#.....#.############....##
###+###............)....'.
##############....##


You could see a hound.

Vanquished Creatures
  2 orc priests (D:4)
  A gnoll shaman (D:4)
  A hound (D:4)
  Natasha (thrice) (D:2)
  2 orc wizards
  A hound skeleton (D:4)
  2 adders
  4 gnolls (D:4)
  3 worms
  2 dart slugs (D:3)
  9 orcs
  4 endoplasms
  7 giant cockroaches
  A hobgoblin (D:1)
  4 jackals
  7 ball pythons
  A bat (D:2)
  A goblin (D:3)
  4 kobolds
  6 rats
65 creatures vanquished.

Notes
Turn   | Place    | Note
-------+----------+-------------------------------------------
     0 | D:1      | Peedeoo7 the Draconian Transmuter began the quest for the
                  | Orb.
     0 | D:1      | Reached XP level 1. HP: 16/16 MP: 3/3
   741 | D:2      | Reached XP level 2. HP: 21/23 MP: 5/5
   797 | D:2      | Found a faded altar of an unknown god.
   804 | D:2      | Prayed at the altar of an unknown god.
   804 | D:2      | Became a worshipper of Ru the Awakened
   806 | D:2      | Fell from the grace of Ru
   919 | D:2      | Noticed Natasha
   926 | D:2      | Killed Natasha
   927 | D:2      | Reached XP level 3. HP: 26/28 MP: 4/6
  1071 | D:2      | Noticed Natasha
  1081 | D:2      | Killed Natasha
  1082 | D:2      | Reached skill level 1 in Stealth
  1082 | D:2      | Reached XP level 4. HP: 29/35 MP: 7/7
  1236 | D:2      | Noticed Natasha
  1241 | D:2      | Killed Natasha
  1242 | D:2      | Reached skill level 4 in Unarmed Combat
  1323 | D:3      | Reached XP level 5. HP: 33/40 MP: 7/9
  1643 | D:3      | Learned a level 2 spell: Wereblood
  1652 | D:4      | Found a staircase to the Ecumenical Temple.
  1667 | Temple   | Entered the Ecumenical Temple
  1755 | Temple   | Became a worshipper of Lugonu the Unformed
  1755 | Temple   | Reached * piety under Lugonu
  1874 | D:4      | Reached XP level 6. HP: 38/47 MP: 4/10
  1892 | D:4      | Reached skill level 1 in Invocations
  1980 | D:4      | HP: 2/48 [poisoned by a gnoll]
  1982 | D:4      | Reached skill level 5 in Unarmed Combat
  1982 | D:4      | Gained mutation: You possess an exceptional clarity of
                  | mind. [potion of mutation]
  1982 | D:4      | Gained mutation: Your system is resistant to poisons.
                  | (rPois) [potion of mutation]
  1982 | D:4      | Succumbed to a gnoll's poison

Illustrated notes

Levels and vault maps discovered:
D:1:      tarquinn_simple_flora_water_e, layout_loops_ring
D:2:      layout_loops_ring, dilly_ecumenical_altar_fadedgnrine, uniq_natasha
D:3:      layout_rooms
D:4:      layout_basic, fedhas_altar_fruit_tree,
          minmay_temple_entry_glassed_door, kennysheep_generic_room_6
Temple:   corrupted_temple

Skill      XL: |  1  2  3  4  5  6 |
---------------+-------------------+-----
Dodging        | 2 |  2.4
Stealth        | 1 |  1.5
Unarmed Combat | 4 5 |  5.0
Transmutations | 3 |  3.2
Spellcasting   | 3 |  3.1
Invocations    | 1 |  1.6
Fighting       | 2 |  2.0

Action                   |  1- 3 |  4- 6 || total
-------------------------+-------+-------++-------
Melee: Unarmed           |    48 |   114 ||   162
       Headbutt          |    14 |    15 ||    29
       Kick              |    12 |    24 ||    36
       Punch             |     1 |     5 ||     6
       Tailslap          |     2 |    15 ||    17
 Cast: Beastly Appendage |    14 |    16 ||    30
       Wereblood         |       |     5 ||     5
Invok: Renounce Religion |     1 |       ||     1
  Use: Scroll            |       |     3 ||     3
       Potion            |       |     3 ||     3
 Stab: Sleeping          |     3 |       ||     3
Armor: Skin              |    11 |    19 ||    30
Dodge: Dodged            |    18 |    47 ||    65
